| TOP OF THE 1ST |
|
Missoula Osprey batting - Pitching for Chicago (APP) Cubs : RHP Bobby Almonte
|
|
Pitching: RHP Bobby Almonte
|
|
|
Batting: RHB Hyeok Shon
|
0-0: Swinging Strike 0-1: Ball 1-1: Ball 2-1: Ball 3-1: Called Strike 3-2: Ground out 6-3 (Groundball, 6, EV 77.5 MPH)
|
|
Batting: RHB Hector Tabares
|
0-0: Fly out, F9 (Flyball, 89M, EV 85.6 MPH)
|
|
Batting: LHB Danny Salas
|
0-0: Ball 1-0: Ball 2-0: Ball 3-0: Called Strike 3-1: Foul Ball, location: 2F 3-2: Base on Balls
|
|
Batting: RHB Claude Leduc
|
0-0: Ball Danny Salas steals 2nd base 1-0: Swinging Strike 1-1: Ball 2-1: Foul Ball, location: 2F 2-2: 2-RUN HOME RUN (Flyball, 78XD, EV 116.2 MPH), Distance : 447 ft
|
|
Batting: RHB Isaiah Hampton
|
0-0: Ball 1-0: Ball 2-0: Ground out 5-3 (Groundball, 56S, EV 83.8 MPH)
|
| Top of the 1st over - 2 runs, 1 hit, 0 errors, 0 left on base; Missoula 2 - Chicago (APP) 0 |
| BOTTOM OF THE 1ST |
|
Chicago (APP) Cubs batting - Pitching for Missoula Osprey : LHP Cory Youngquist
|
|
Pitching: LHP Cory Youngquist
|
|
|
Batting: RHB Lencho Otieno
|
0-0: Swinging Strike 0-1: Ball 1-1: Called Strike 1-2: Ball 2-2: Strikes out swinging
|
|
Batting: SHB Jim Lloyd
|
0-0: Ball 1-0: Swinging Strike 1-1: Called Strike 1-2: Strikes out looking
|
|
Batting: RHB Dustin Goldsborough
|
0-0: Ground out 5-3 (Groundball, 56S, EV 78.1 MPH)
|
| Bottom of the 1st over - 0 runs, 0 hits, 0 errors, 0 left on base; Missoula 2 - Chicago (APP) 0 |
| TOP OF THE 2ND |
|
Missoula Osprey batting - Pitching for Chicago (APP) Cubs : RHP Bobby Almonte
|
|
Batting: RHB Jose Cuellar
|
0-0: Ground out 6-3 (Groundball, 6, EV 101.9 MPH)
|
|
Batting: RHB Juan Mejia
|
0-0: Ball 1-0: Foul Ball, location: 2F 1-1: Ball 2-1: SOLO HOME RUN (Flyball, 78XD, EV 111.9 MPH), Distance : 435 ft
|
|
Batting: RHB Dave Beerman
|
0-0: Ball 1-0: Foul Ball, location: 2F 1-1: Ball 2-1: SOLO HOME RUN (Flyball, 7LD, EV 96.9 MPH), Distance : 366 ft
|
|
Batting: RHB David Powell
|
0-0: Ball 1-0: Ball 2-0: Foul Ball, location: 2F 2-1: SINGLE (Flyball, 89S, EV 93.1 MPH) - OUT at second base trying to stretch hit.
|
|
Batting: RHB Hyeok Shon
|
0-0: Called Strike 0-1: Called Strike 0-2: Foul Ball, location: 2F 0-2: Foul Ball, location: 2F 0-2: Ball 1-2: Ball 2-2: SINGLE (Groundball, 4MD, EV 95.6 MPH)
|
|
Batting: RHB Hector Tabares
|
0-0: Called Strike Hyeok Shon steals 2nd base 0-1: Foul Ball, location: 2F 0-2: Ball 1-2: TRIPLE (Flyball, 78XD, EV 104.4 MPH) Hyeok Shon scores
|
|
Batting: LHB Danny Salas
|
0-0: Ball 1-0: Ball 2-0: Called Strike 2-1: Swinging Strike 2-2: Foul Ball, location: 2F 2-2: Strikes out swinging
|
| Top of the 2nd over - 3 runs, 5 hits, 0 errors, 1 left on base; Missoula 5 - Chicago (APP) 0 |
| BOTTOM OF THE 2ND |
|
Chicago (APP) Cubs batting - Pitching for Missoula Osprey : LHP Cory Youngquist
|
|
Batting: RHB Andy Baumhardt
|
0-0: Called Strike 0-1: Called Strike 0-2: Ball 1-2: Strikes out swinging
|
|
Batting: RHB Juan Lira
|
0-0: Ground out 6-3 (Groundball, 6, EV 88.1 MPH)
|
|
Batting: LHB Jose Mafano
|
0-0: Ball 1-0: Ground out 6-3 (Groundball, 6, EV 85.6 MPH)
|
| Bottom of the 2nd over - 0 runs, 0 hits, 0 errors, 0 left on base; Missoula 5 - Chicago (APP) 0 |
| TOP OF THE 3RD |
|
Missoula Osprey batting - Pitching for Chicago (APP) Cubs : RHP Bobby Almonte
|
|
Batting: RHB Claude Leduc
|
0-0: Ball 1-0: Called Strike 1-1: Ball 2-1: Foul Ball, location: 2F 2-2: Foul Ball, location: 2F 2-2: Ball 3-2: Base on Balls
|
|
Batting: RHB Isaiah Hampton
|
0-0: SINGLE (Flyball, 4D, EV 90.0 MPH) Claude Leduc to second
|
|
Batting: RHB Jose Cuellar
|
0-0: Ball 1-0: SINGLE (Groundball, 34S, EV 95.6 MPH) Claude Leduc to third Isaiah Hampton to second Runner from 3rd tries for Home, SAFE, throw by RF to home
|
|
Batting: RHB Juan Mejia
|
0-0: 3-RUN HOME RUN (Flyball, 78XD, EV 116.2 MPH), Distance : 447 ft
|
|
Batting: RHB Dave Beerman
|
0-0: SOLO HOME RUN (Flyball, 78XD, EV 109.4 MPH), Distance : 437 ft
|
|
Batting: RHB David Powell
|
0-0: Ball 1-0: Called Strike 1-1: Foul Ball, location: 2F 1-2: Foul Ball, location: 2F 1-2: Strikes out looking
|
|
Batting: RHB Hyeok Shon
|
0-0: Fly out, F8 (Flyball, 8RM, EV 94.4 MPH)
|
|
Batting: RHB Hector Tabares
|
0-0: Called Strike 0-1: Ball 1-1: Swinging Strike 1-2: Ball 2-2: Ball 3-2: Base on Balls
|
|
Batting: LHB Danny Salas
|
0-0: DOUBLE (Flyball, 8LXD, EV 105.6 MPH) Hector Tabares to third
|
|
Batting: RHB Claude Leduc
|
0-0: Ball 1-0: Ball 2-0: Ball 3-0: Called Strike 3-1: Foul Ball, location: 2F 3-2: Foul Ball, location: 2F 3-2: Foul Ball, location: 2F 3-2: Foul Ball, location: 2F 3-2: Base on Balls
|
|
Batting: RHB Isaiah Hampton
|
0-0: GRAND SLAM HOME RUN (Flyball, 7LD, EV 95.6 MPH), Distance : 359 ft
|
|
Batting: RHB Jose Cuellar
|
0-0: Called Strike 0-1: Foul Ball, location: 2F 0-2: Ball 1-2: Foul Ball, location: 2F 1-2: Ball 2-2: Strikes out looking
|
| Top of the 3rd over - 9 runs, 6 hits, 0 errors, 0 left on base; Missoula 14 - Chicago (APP) 0 |
| BOTTOM OF THE 3RD |
|
Chicago (APP) Cubs batting - Pitching for Missoula Osprey : LHP Cory Youngquist
|
|
Batting: RHB Andy Villarreal
|
0-0: Ball 1-0: Called Strike 1-1: Ball 2-1: Foul Ball, location: 2F 2-2: Foul Ball, location: 2F 2-2: Ball 3-2: Strikes out swinging
|
|
Batting: RHB Jorge Gonzalez
|
0-0: Ball 1-0: Called Strike 1-1: Swinging Strike 1-2: Strikes out swinging
|
|
Batting: RHB Masato Iwase
|
0-0: Foul Ball, location: 2F 0-1: Swinging Strike 0-2: Strikes out swinging
|
| Bottom of the 3rd over - 0 runs, 0 hits, 0 errors, 0 left on base; Missoula 14 - Chicago (APP) 0 |
| TOP OF THE 4TH |
|
Missoula Osprey batting - Pitching for Chicago (APP) Cubs : RHP Bobby Almonte
|
|
Batting: RHB Juan Mejia
|
0-0: Foul Ball, location: 2F 0-1: Called Strike 0-2: Ball 1-2: Foul Ball, location: 2F 1-2: Ball 2-2: Foul Ball, location: 2F 2-2: Foul Ball, location: 2F 2-2: Ball 3-2: Base on Balls
|
|
Batting: RHB Dave Beerman
|
0-0: Ball 1-0: Ball 2-0: Called Strike 2-1: Called Strike 2-2: Foul Ball, location: 2F 2-2: Strikes out swinging
|
|
Batting: RHB David Powell
|
0-0: Ball 1-0: Swinging Strike 1-1: Ball 2-1: Ball 3-1: Swinging Strike 3-2: Base on Balls Juan Mejia to second
|
|
Batting: RHB Hyeok Shon
|
0-0: Ball 1-0: Ball 2-0: Swinging Strike 2-1: Called Strike 2-2: Foul Ball, location: 2F 2-2: Foul Ball, location: 2F 2-2: Ball 3-2: Foul Ball, location: 2F 3-2: Foul Ball, location: 2F 3-2: Base on Balls Juan Mejia to third David Powell to second
|
|
Batting: RHB Hector Tabares
|
0-0: Ball 1-0: DOUBLE (Line Drive, 9LS, EV 96.9 MPH) Juan Mejia scores David Powell scores Hyeok Shon to third
|
|
Batting: LHB Danny Salas
|
0-0: 3-RUN HOME RUN (Flyball, 7D, EV 98.8 MPH), Distance : 384 ft
|
|
Batting: RHB Claude Leduc
|
0-0: Fly out, F4 (Popup, 4, EV 73.1 MPH)
|
|
Batting: RHB Isaiah Hampton
|
0-0: SOLO HOME RUN (Flyball, 78XD, EV 111.2 MPH), Distance : 446 ft
|
|
Batting: RHB Jose Cuellar
|
0-0: Ball 1-0: Called Strike 1-1: Foul Ball, location: 2F 1-2: Strikes out swinging
|
| Top of the 4th over - 6 runs, 3 hits, 0 errors, 0 left on base; Missoula 20 - Chicago (APP) 0 |
| BOTTOM OF THE 4TH |
|
Chicago (APP) Cubs batting - Pitching for Missoula Osprey : LHP Cory Youngquist
|
|
Batting: RHB Lencho Otieno
|
0-0: Ball 1-0: SOLO HOME RUN (Flyball, 7D, EV 100.0 MPH), Distance : 400 ft
|
|
Batting: SHB Jim Lloyd
|
0-0: Foul Ball, location: 2F 0-1: Swinging Strike 0-2: Foul Ball, location: 2F 0-2: Strikes out swinging
|
|
Batting: RHB Dustin Goldsborough
|
0-0: SINGLE (Line Drive, 7S, EV 97.5 MPH)
|
|
Batting: RHB Andy Baumhardt
|
0-0: Ball 1-0: Ball 2-0: Swinging Strike 2-1: Called Strike 2-2: Ball 3-2: Strikes out swinging Dustin Goldsborough steals 2nd, throwing error, E2 Dustin Goldsborough to third
|
|
Batting: RHB Juan Lira
|
0-0: Called Strike 0-1: Ball 1-1: Ball 2-1: Foul Ball, location: 2F 2-2: Ball 3-2: Foul Ball, location: 2F 3-2: SINGLE (Line Drive, 7S, EV 94.4 MPH) Dustin Goldsborough scores
|
|
Batting: LHB Jose Mafano
|
0-0: Ball 1-0: Ball 2-0: Called Strike 2-1: 2-RUN HOME RUN (Flyball, 9D, EV 96.2 MPH), Distance : 393 ft
|
|
Batting: RHB Andy Villarreal
|
0-0: Ball 1-0: Called Strike 1-1: Foul Ball, location: 2F 1-2: Ball 2-2: Foul Ball, location: 2F 2-2: Ball 3-2: Base on Balls
|
|
Batting: RHB Jorge Gonzalez
|
0-0: Foul Ball, location: 2F 0-1: Foul Ball, location: 2F 0-2: Foul Ball, location: 2F 0-2: Ball 1-2: Ball 2-2: Strikes out swinging
|
| Bottom of the 4th over - 4 runs, 4 hits, 1 error, 1 left on base; Missoula 20 - Chicago (APP) 4 |
| TOP OF THE 5TH |
|
Missoula Osprey batting - Pitching for Chicago (APP) Cubs : RHP Bobby Almonte
|
|
Batting: RHB Juan Mejia
|
0-0: Ball 1-0: Foul Ball, location: 2F 1-1: Called Strike 1-2: Ball 2-2: Ball 3-2: Base on Balls
|
|
Batting: RHB Dave Beerman
|
0-0: Ball 1-0: Called Strike 1-1: Called Strike 1-2: Ball 2-2: Foul Ball, location: 2F 2-2: Strikes out swinging
|
|
Batting: RHB David Powell
|
0-0: Ball 1-0: Ball 2-0: Ball 3-0: Base on Balls Juan Mejia to second
|
|
Batting: RHB Hyeok Shon
|
0-0: Ball 1-0: Called Strike 1-1: SINGLE (Groundball, 56S, EV 71.2 MPH) (infield hit) Juan Mejia to third David Powell to second
|
|
Batting: RHB Hector Tabares
|
0-0: TRIPLE (Flyball, 89XD, EV 95.6 MPH) Juan Mejia scores David Powell scores Hyeok Shon scores
|
|
Batting: LHB Danny Salas
|
0-0: Ball 1-0: Ground out 5-3 (Groundball, 5S, EV 82.5 MPH)
|
|
Batting: RHB Claude Leduc
|
0-0: Ball 1-0: 2-RUN HOME RUN (Flyball, 7LD, EV 95.0 MPH), Distance : 361 ft
|
|
Batting: RHB Isaiah Hampton
|
0-0: Called Strike 0-1: Ball 1-1: SINGLE (Line Drive, 89M, EV 87.5 MPH)
|
|
Batting: RHB Jose Cuellar
|
0-0: 2-RUN HOME RUN (Flyball, 7D, EV 101.2 MPH), Distance : 383 ft
|
|
Batting: RHB Juan Mejia
|
0-0: Ball 1-0: Ball 2-0: Ball 3-0: Called Strike 3-1: Called Strike 3-2: Base on Balls
|
|
Batting: RHB Dave Beerman
|
0-0: Foul Ball, location: 2F 0-1: Ball 1-1: Foul Ball, location: 2F 1-2: Strikes out swinging
|
| Top of the 5th over - 7 runs, 5 hits, 0 errors, 1 left on base; Missoula 27 - Chicago (APP) 4 |
| BOTTOM OF THE 5TH |
|
Chicago (APP) Cubs batting - Pitching for Missoula Osprey : LHP Cory Youngquist
|
|
Batting: RHB Masato Iwase
|
0-0: Foul Ball, location: 2F 0-1: Swinging Strike 0-2: Ball 1-2: Foul Ball, location: 2F 1-2: Ball 2-2: Ball 3-2: Base on Balls
|
|
Batting: RHB Lencho Otieno
|
0-0: Ball 1-0: Called Strike 1-1: Foul Ball, location: 2F 1-2: Foul Ball, location: 2F 1-2: Strikes out swinging
|
|
Batting: SHB Jim Lloyd
|
0-0: Swinging Strike 0-1: Ball 1-1: Foul Ball, location: 2F 1-2: Strikes out swinging
|
|
Batting: RHB Dustin Goldsborough
|
0-0: Called Strike 0-1: Called Strike 0-2: Ground out 4-3 (Groundball, 4, EV 87.5 MPH)
|
| Bottom of the 5th over - 0 runs, 0 hits, 0 errors, 1 left on base; Missoula 27 - Chicago (APP) 4 |
| TOP OF THE 6TH |
|
Missoula Osprey batting - Pitching for Chicago (APP) Cubs : RHP Bobby Almonte
|
|
Batting: RHB David Powell
|
0-0: Ball 1-0: Called Strike 1-1: Foul Ball, location: 2F 1-2: Strikes out swinging
|
|
Batting: RHB Hyeok Shon
|
0-0: Ground out 4-3 (Groundball, 34, EV 81.2 MPH)
|
|
Batting: RHB Hector Tabares
|
0-0: DOUBLE (Flyball, 8RXD, EV 95.0 MPH)
|
|
Batting: LHB Danny Salas
|
0-0: Foul Ball, location: 2F 0-1: DOUBLE (Line Drive, 7LM, EV 115.0 MPH) Hector Tabares scores
|
|
Batting: RHB Claude Leduc
|
0-0: Ball 1-0: Ball 2-0: Called Strike 2-1: Ball 3-1: Base on Balls
|
|
Batting: RHB Isaiah Hampton
|
0-0: Ball 1-0: Ball 2-0: Called Strike 2-1: Swinging Strike 2-2: Ball 3-2: Base on Balls Danny Salas to third Claude Leduc to second
|
|
Batting: RHB Jose Cuellar
|
0-0: GRAND SLAM HOME RUN (Line Drive, 7LD, EV 97.5 MPH), Distance : 396 ft
|
|
Batting: RHB Juan Mejia
|
0-0: Ground out U3 (Groundball, 3S, EV 91.2 MPH)
|
| Top of the 6th over - 5 runs, 3 hits, 0 errors, 0 left on base; Missoula 32 - Chicago (APP) 4 |
| BOTTOM OF THE 6TH |
|
Chicago (APP) Cubs batting - Pitching for Missoula Osprey : LHP Cory Youngquist
|
|
Batting: RHB Andy Baumhardt
|
0-0: Ball 1-0: Ball 2-0: Foul Ball, location: 2F 2-1: Foul Ball, location: 2F 2-2: Foul Ball, location: 2F 2-2: Ball 3-2: Foul Ball, location: 2F 3-2: Foul Ball, location: 2F 3-2: Base on Balls
|
|
Pitching: RHP Jon Wernli
|
|
|
Batting: RHB Juan Lira
|
0-0: Fielders Choice at 2nd, 6-4 (Groundball, 6, EV 101.2 MPH)
|
|
Batting: LHB Jose Mafano
|
0-0: Called Strike Juan Lira steals 2nd base 0-1: Called Strike 0-2: Strikes out swinging
|
|
Batting: RHB Andy Villarreal
|
0-0: Called Strike 0-1: Swinging Strike 0-2: Ball Wild Pitch! Juan Lira to third 1-2: Ball 2-2: Foul Ball, location: 2F 2-2: Fly out, F8 (Flyball, 78D, EV 106.9 MPH)
|
| Bottom of the 6th over - 0 runs, 0 hits, 0 errors, 1 left on base; Missoula 32 - Chicago (APP) 4 |
| TOP OF THE 7TH |
|
Missoula Osprey batting - Pitching for Chicago (APP) Cubs : RHP Bobby Almonte
|
|
Batting: RHB Dave Beerman
|
0-0: Called Strike 0-1: Foul Ball, location: 2F 0-2: Strikes out swinging
|
|
Batting: RHB David Powell
|
0-0: SINGLE (Groundball, 6MD, EV 93.8 MPH)
|
|
Batting: RHB Hyeok Shon
|
0-0: SINGLE (Line Drive, 3D, EV 93.8 MPH) David Powell to second
|
|
Batting: RHB Hector Tabares
|
0-0: Ball 1-0: Ball 2-0: Called Strike 2-1: Swinging Strike 2-2: Ball 3-2: Strikes out swinging
|
|
Batting: LHB Danny Salas
|
0-0: SINGLE (Groundball, 34, EV 103.1 MPH) David Powell to third Hyeok Shon to second Runner from 3rd tries for Home, SAFE, throw by RF to home
|
|
Batting: RHB Claude Leduc
|
0-0: Ball 1-0: Ball 2-0: Called Strike 2-1: Ball 3-1: Base on Balls Hyeok Shon to third Danny Salas to second
|
|
Batting: RHB Isaiah Hampton
|
0-0: Ball 1-0: Fly out, F4 (Line Drive, 4, EV 65.6 MPH)
|
| Top of the 7th over - 1 run, 3 hits, 0 errors, 3 left on base; Missoula 33 - Chicago (APP) 4 |
| BOTTOM OF THE 7TH |
|
Chicago (APP) Cubs batting - Pitching for Missoula Osprey : RHP Jon Wernli
|
|
Batting: RHB Jorge Gonzalez
|
0-0: Ball 1-0: Called Strike 1-1: Ball 2-1: Swinging Strike 2-2: Ball 3-2: Foul Ball, location: 2F 3-2: Strikes out swinging
|
|
Batting: RHB Masato Iwase
|
0-0: Called Strike 0-1: Called Strike 0-2: Strikes out swinging
|
|
Batting: RHB Lencho Otieno
|
0-0: Ball 1-0: Called Strike 1-1: Ball 2-1: Foul Ball, location: 2F 2-2: Strikes out swinging
|
| Bottom of the 7th over - 0 runs, 0 hits, 0 errors, 0 left on base; Missoula 33 - Chicago (APP) 4 |
| TOP OF THE 8TH |
|
Missoula Osprey batting - Pitching for Chicago (APP) Cubs : RHP Bobby Almonte
|
|
Batting: RHB Jose Cuellar
|
0-0: Called Strike 0-1: SOLO HOME RUN (Flyball, 9LD, EV 90.6 MPH), Distance : 337 ft
|
|
Batting: RHB Juan Mejia
|
0-0: Fly out, F8 (Line Drive, 8LD, EV 94.4 MPH)
|
|
Batting: RHB Dave Beerman
|
0-0: Ball 1-0: Swinging Strike 1-1: Called Strike 1-2: Ball 2-2: Ball 3-2: Base on Balls
|
|
Batting: RHB David Powell
|
0-0: Swinging Strike 0-1: Ball Wild Pitch! Dave Beerman to second 1-1: Called Strike 1-2: Strikes out swinging
|
|
Batting: RHB Hyeok Shon
|
0-0: Called Strike 0-1: Fly out, F7 (Flyball, 78S, EV 81.9 MPH)
|
| Top of the 8th over - 1 run, 1 hit, 0 errors, 1 left on base; Missoula 34 - Chicago (APP) 4 |
| BOTTOM OF THE 8TH |
|
Chicago (APP) Cubs batting - Pitching for Missoula Osprey : RHP Jon Wernli
|
|
Batting: SHB Jim Lloyd
|
0-0: Ground out 5-3 (Groundball, 5L, EV 110.0 MPH)
|
|
Pitching: RHP D.J. Bryant
|
|
|
Batting: RHB Dustin Goldsborough
|
0-0: Ball 1-0: Ball 2-0: Called Strike 2-1: Called Strike 2-2: Strikes out swinging
|
|
Batting: RHB Andy Baumhardt
|
0-0: Ball 1-0: Foul Ball, location: 2F 1-1: Swinging Strike 1-2: Strikes out swinging
|
| Bottom of the 8th over - 0 runs, 0 hits, 0 errors, 0 left on base; Missoula 34 - Chicago (APP) 4 |
| TOP OF THE 9TH |
|
Missoula Osprey batting - Pitching for Chicago (APP) Cubs : RHP Bobby Almonte
|
|
Batting: RHB Hector Tabares
|
0-0: DOUBLE (Groundball, 5L, EV 101.2 MPH)
|
|
Batting: LHB Danny Salas
|
0-0: Ball 1-0: Ball 2-0: Ball 3-0: Base on Balls
|
|
Batting: RHB Claude Leduc
|
0-0: Called Strike 0-1: Fielders Choice at 2nd, 6-4 (Groundball, 6, EV 80.6 MPH) Hector Tabares to third
|
|
Batting: RHB Isaiah Hampton
|
0-0: Fielders Choice at 2nd, 6-4 (Groundball, 56, EV 88.1 MPH) Hector Tabares scores
|
|
Batting: RHB Jose Cuellar
|
0-0: Ball 1-0: Ball 2-0: Ball 3-0: Called Strike 3-1: Foul Ball, location: 2F 3-2: Base on Balls Isaiah Hampton to second
|
|
Batting: RHB Juan Mejia
|
0-0: Ground out 1-3 (Groundball, 13S, EV 71.2 MPH)
|
| Top of the 9th over - 1 run, 1 hit, 0 errors, 2 left on base; Missoula 35 - Chicago (APP) 4 |
| BOTTOM OF THE 9TH |
|
Chicago (APP) Cubs batting - Pitching for Missoula Osprey : RHP D.J. Bryant
|
|
Batting: RHB Juan Lira
|
0-0: Ball 1-0: Foul Ball, location: 2F 1-1: Ball 2-1: Foul Ball, location: 2F 2-2: Hit by Pitch
|
|
Batting: LHB Jose Mafano
|
0-0: Called Strike 0-1: Swinging Strike 0-2: Ball 1-2: Ball 2-2: Ball 3-2: Base on Balls Juan Lira to second
|
|
Batting: RHB Andy Villarreal
|
0-0: Ball 1-0: Called Strike 1-1: Called Strike 1-2: Ball 2-2: Fly out, F9 (Flyball, 9D, EV 98.1 MPH)
|
|
Batting: RHB Jorge Gonzalez
|
0-0: Foul Ball, location: 2F 0-1: Ball 1-1: Swinging Strike 1-2: Strikes out swinging
|
|
Batting: RHB Masato Iwase
|
0-0: Called Strike 0-1: Called Strike 0-2: Ball 1-2: Ball 2-2: Ball 3-2: Foul Ball, location: 2F 3-2: Strikes out looking
|
| Bottom of the 9th over - 0 runs, 0 hits, 0 errors, 2 left on base; Missoula 35 - Chicago (APP) 4 |
|